 Dungeon Crawl Stone Soup version 0.17.0-57-g0e89251 (webtiles) character file.

35 fredomojojo the Gusty (level 3, -2/19 HPs)
             Began as a Tengu Air Elementalist on Dec 7, 2015.
             Slain by an orc
             ... wielding a +0 trident
              (8 damage)
             ... on level 3 of the Dungeon.
             The game lasted 00:20:34 (1421 turns).

fredomojojo the Gusty (Tengu Air Elementalist)      Turns: 1421, Time: 00:20:35

Health: -2/19      AC:  2    Str:  8    XL:     3   Next: 33%
Magic:  3/7        EV: 13    Int: 16    God:
Gold:   34         SH:  0    Dex: 14    Spells: 2 memorised, 3 levels left

rFire  . . .     SeeInvis .     (no weapon)
rCold  . . .     Clarity  .     a - +0 robe
rNeg   . . .     SustAt   .     (no shield)
rPois  .         Gourm    .     (helmet restricted)
rElec  .         Spirit   .     (no cloak)
rCorr  .         Warding  .     (no gloves)
rMut   +         Stasis   .     (boots unavailable)
MR     .....                    h - amulet of resist mutation
Stlth  ++........               (no ring)
                                (no ring)

@: swift, very slightly contaminated, quick, not resistant to hostile
enchantments, unstealthy
A: beak, talons 3
a: no special abilities


You were on level 3 of the Dungeon.
You were not hungry.

You visited 1 branch of the dungeon, and saw 3 of its levels.

You collected 34 gold pieces.

Inventory:

Hand Weapons
 n - a +0 hunting sling
Missiles
 f - 21 stones (quivered)
 o - 12 sling bullets of frost
Armour
 a - a +0 robe (worn)
Jewellery
 h - an amulet of resist mutation (around neck)
Scrolls
 e - a scroll of enchant armour {unknown}
 k - a scroll of teleportation {unknown}
 l - 2 scrolls of random uselessness {unknown}
 m - a scroll of remove curse {unknown}
 q - a scroll of fear {unknown}
Potions
 i - 2 potions of brilliance {unknown}
Books
 b - a book of Air

   Spells                             Type                      Level
   a - Shock                          Conjuration/Air              1
   b - Swiftness                      Charms/Air                   2
   c - Repel Missiles                 Charms/Air                   2
   d - Static Discharge               Conjuration/Air              3
   e - Lightning Bolt                 Conjuration/Air              5
Comestibles
 d - a beef jerky
 j - a meat ration
 p - a slice of pizza


   Skills:
 + Level 2.5 Dodging
 + Level 2.1 Stealth
 + Level 2.3 Spellcasting
 + Level 1.8 Conjurations
 + Level 4.9 Air Magic


You had 3 spell levels left.
You knew the following spells:

 Your Spells              Type           Power        Failure   Level  Hunger
a - Shock                 Conj/Air       ##..         8%          1    #......
b - Swiftness             Chrm/Air       #.......     12%         2    ###....


Dungeon Overview and Level Annotations

Branches:
Dungeon (3/15)

Altars:


Innate Abilities, Weirdness & Mutations

You have a beak for a mouth.
You have claws for feet.


Message History

You start resting.
Magic restored.
You start resting.
You are feeling hungry.
Eat which item? (? for menu, Esc to quit)
You continue eating. x2
You finish eating.
That bread ration really hit the spot!
You climb downwards.
The orc hits you with a trident.
There is a stone staircase leading up here.
Casting: Swiftness
Confirm with . or Enter, or press ? or * to list all spells.
You miscast Swiftness.
You are very lightly contaminated with residual magic.
Nothing appears to happen.
The orc hits you with a trident.
Casting: Swiftness
Confirm with . or Enter, or press ? or * to list all spells.
You feel quick. The orc barely misses you.
You hit the orc but do no damage. Your kick misses the orc.
Your peck misses the orc. The orc hits you with a trident!
You die...

............#..
...<........#...#
................+
............#...##
..................
................<.
...............$..
..........o....!..
..........@.......
.....(............
....##+###+#......
... ...... ..
##### #


You could see an orc.

Vanquished Creatures
  A ball python (D:1)
  6 giant cockroaches
  A goblin (D:1)
  5 hobgoblins
  3 jackals (D:1)
  4 kobolds
  6 bats (D:1)
  A giant newt (D:1)
  2 rats (D:1)
29 creatures vanquished.

Notes
Turn   | Place    | Note
--------------------------------------------------------------
     0 | D:1      | fredomojojo the Tengu Air Elementalist began the quest for the Orb.
     0 | D:1      | Reached XP level 1. HP: 10/10 MP: 4/4
   192 | D:1      | Reached XP level 2. HP: 13/15 MP: 0/6
   477 | D:1      | Reached XP level 3. HP: 16/19 MP: 4/7
   513 | D:2      | Learned a level 2 spell: Swiftness
  1421 | D:3      | Slain by an orc

Action                   || total
-------------------------++-------
Melee: Dagger            ||    28
       Unarmed           ||    17
       Rapier            ||     9
 Fire: Hunting sling     ||     1
Throw: Stone             ||     1
 Cast: Shock             ||    46
       Swiftness         ||     2
 Stab: Sleeping          ||     2
  Eat: Chunk             ||     2
       Bread ration      ||     1
